 Dungeon Crawl Stone Soup version 0.18.1-50-g88ac8fd (webtiles) character file.

5497 magog001 the Blocker (level 11, -14/127 HPs)
             Began as a Formicid Fighter on May 3, 2018.
             Was a Believer of Nemelex Xobeh.
             Demolished by a death cob (22 damage)
             ... on level 9 of the Dungeon on May 7, 2018.
             The game lasted 00:51:30 (8913 turns).

magog001 the Blocker (Formicid Fighter)             Turns: 8913, Time: 00:51:31

Health: -14/127    AC: 25    Str: 30    XL:     11   Next: 1%
Magic:  11/11      EV:  2    Int: 11    God:    Nemelex Xobeh [**....]
Gold:   282        SH: 16    Dex: 10    Spells: 0 memorised, 10 levels left

rFire  + + .     SeeInvis .     r - +6 spear "Lajohui" {drain, +Fly rElec rF++ MP-9}
rCold  . . .     Gourm    .     (armour currently unavailable)
rNeg   + + +     Faith    .     c - +0 shield
rPois  +         Spirit   .     (helmet unavailable)
rElec  +         Dismiss  .     (cloak currently unavailable)
rCorr  .         Reflect  +     (gloves currently unavailable)
SustAt .         Harm     .     (boots currently unavailable)
MR     +....                    q - +3 amulet of reflection
Stlth  ++........               m - +2 ring of intelligence
                                s - ring of magical power

@: mighty, tree-form, somewhat resistant to hostile enchantments, unstealthy
A: permanent stasis, dig shafts and tunnels, four strong arms, (antennae 0),
(talons 0), thin skeletal structure 1, clumsy 1, strong 1, evolution 1
a: Renounce Religion


You were on level 9 of the Dungeon.
You worshipped Nemelex Xobeh.
Nemelex Xobeh was pleased with you.
You were not hungry.
You were a tree.
You visited 2 branches of the dungeon, and saw 10 of its levels.
You also visited: Ossuary.

You collected 407 gold pieces.
You spent 125 gold pieces at shops.

Inventory:

Hand Weapons
 k - a +0 halberd
 o - a +1 dagger of venom
 r - the +6 spear "Lajohui" (weapon) {drain, +Fly rElec rF++ MP-9}
   (You found it on level 8 of the Dungeon)

   A truly terrible weapon, it drains the life of those it strikes.
   It greatly protects you from fire.
   It insulates you from electricity.
   It affects your magic capacity (-9).
   It lets you fly.
 C - a +5 war axe of chopping
 D - a +5 blowgun
Missiles
 p - 16 tomahawks (quivered)
 y - 7 javelins
 B - 48 sling bullets
Armour
 c - a +0 shield (worn)
 d - a +0 pair of boots (melded)
 u - a +0 plate armour (melded)
 w - a +1 cloak (melded)
Jewellery
 m - a +2 ring of intelligence (right branch)
 q - a +3 amulet of reflection (around neck)
 s - a ring of magical power (left branch)
Wands
 e - a wand of flame (15/48)
 v - a wand of flame (34/48)
 z - a wand of polymorph (7/24)
Scrolls
 g - 8 scrolls of remove curse
 h - 4 scrolls of noise
 l - 12 scrolls of identify
 H - a scroll of magic mapping
 O - a scroll of brand weapon {unknown}
Potions
 f - 3 potions of brilliance
 j - a potion of flight
 n - 3 potions of curing
 t - a potion of might
 G - a potion of ambrosia
 I - a potion of lignification
 J - a potion of cancellation {unknown}
 L - a potion of agility
Books
 M - a book of Air

   Spells                             Type                      Level
   a - Shock                          Conjuration/Air              1
   b - Swiftness                      Charms/Air                   2
   c - Repel Missiles                 Charms/Air                   2
   d - Static Discharge               Conjuration/Air              3
   e - Lightning Bolt                 Conjuration/Air              5
Miscellaneous
 x - a plain deck of war
 E - a plain deck of escape
 F - a plain deck of war
 N - a plain deck of destruction
Comestibles
 a - 2 beef jerkies
 b - 8 slices of pizza
 i - 3 fruits
 A - 6 bread rations
 K - 2 chunks of flesh


   Skills:
 * Level 7.7 Fighting
 - Level 7.3(7.5) Axes
 * Level 2.6(5.3) Polearms
 + Level 0.2 Throwing
 * Level 7.9 Armour
 + Level 2.5 Dodging
 + Level 1.5 Stealth
 * Level 11.7 Shields


You had 10 spell levels left.
You didn't know any spells.

Dungeon Overview and Level Annotations

Branches:
Dungeon (9/15)             Temple (1/1) D:6
   Lair: D:8-11         Orc: D:9-12

Altars:
Ashenzari
Cheibriados
Dithmenos
Elyvilon
Fedhas
Gozag
Kikubaaqudgha
Makhleb
Nemelex Xobeh
Okawaru
Pakellas
Qazlal
Ru
Sif Muna
Trog
Vehumet
Xom
Yredelemnul
Zin
The Shining One

Shops:
D:4 (

Annotations:
D:9 exclusion: oklob plant


Innate Abilities, Weirdness & Mutations

You are under a permanent stasis effect.
You can dig through walls and to a lower floor.
Your four strong arms can wield two-handed weapons with a shield.
((You have a pair of large antennae on your head (SInv).))
((You have sharp toenails.))
You have a somewhat thin skeletal structure (Dex +2, Stealth).
You are clumsy. (Dex -2)
Your muscles are strong. (Str +2)
You evolve.


Message History

The death cob hits you!
* * * LOW HITPOINT WARNING * * *
You block the death cob's attack. The death cob hits you!
* * * LOW HITPOINT WARNING * * *
The death cob drains your vigour!
Your stasis keeps you stable.
Drink which item? (? for menu, Esc to quit)
You turn into a tree.
Your +1 cloak melds into your body.
Your +0 pair of boots melds into your body.
Your +0 plate armour melds into your body.
Your roots penetrate the ground.
The death cob hits you but does no damage.
You block the death cob's attack.
You hit the death cob.
The death cob is lightly damaged.
The death cob completely misses you. You block the death cob's attack.
You miss the death cob.
The death cob is lightly damaged.
You block the death cob's attack. The death cob hits you!!
You die...
Your body glows slightly and disappears.

....#.......#....................
....#.......#....................
....#.......#....................
....#.......#...................#
....#.......##'##................
.####...........#......PPP.......
.#.^............#.....PP/PP......
.'..............#z...PPPP PP.$...
.#..............♣....P.P


PP.... .#####'###.?....#.....PPP>P...... .........#..#####......PPPPP.....
.........####..........P......... .................................
.##'##........................... .# ..#.........................## .#
..#........................... .# ..+..............# #.#........ You could see a
death cob.

Vanquished Creatures
  The ghost of EnegeticOcto the Covert, a novice KoAr of Pakellas (D:8)
  Sigmund (D:2)
  A vampire (D:9)
  A human (D:7)
  A hog (D:7)
  2 hungry ghosts (D:9)
  2 water moccasins
  2 orc warriors (D:6)
  3 ice beasts
  2 sky beasts
  3 black bears (D:9)
  A phantom (D:4)
  An eye of draining (D:9)
  5 ogres
  3 centaurs
  4 giant frogs
  A killer bee (D:6)
  8 wights
  2 howler monkeys
  3 crimson imps
  A giant frog zombie (D:8)
  2 human zombies (Ossuary)
  4 hounds
  Crazy Yiuf (D:3)
  4 orc priests
  A giant frog skeleton (D:5)
  4 jellies
  Jessica (D:3)
  6 orc wizards
  5 worker ants
  3 sheep (D:7)
  3 mummies (Ossuary)
  A howler monkey skeleton (D:7)
  12 gnolls
  11 adders
  3 shadow imps
  An ooze (D:2)
  An adder zombie (D:5)
  2 adder skeletons
  3 worms
  7 giant geckos
  25 orcs
  8 bats
  A giant cockroach (D:4)
  3 gnoll zombies (Ossuary)
  8 goblins
  7 hobgoblins
  12 jackals
  4 quokkas
  A ball python (D:3)
  A giant gecko skeleton (D:8)
  8 giant newts
  2 goblin zombies (Ossuary)
  A jackal skeleton (D:6)
  8 kobolds
  A kobold zombie (Ossuary)
  6 rats
219 creatures vanquished.

Notes
Turn   | Place    | Note
--------------------------------------------------------------
     0 | D:1      | magog001 the Formicid Fighter began the quest for the Orb.
     0 | D:1      | Reached XP level 1. HP: 18/18 MP: 1/1
   255 | D:1      | Reached XP level 2. HP: 22/24 MP: 2/2
   541 | D:1      | Reached skill level 4 in Shields
   849 | D:2      | Reached XP level 3. HP: 30/30 MP: 3/3
   921 | D:2      | Noticed Sigmund
   943 | D:2      | Killed Sigmund
   943 | D:2      | Reached skill level 1 in Dodging
   943 | D:2      | Reached skill level 5 in Shields
   943 | D:2      | Reached XP level 4. HP: 15/37 MP: 4/4
   943 | D:2      | Reached XP level 5. HP: 17/42 MP: 5/5
  1289 | D:2      | Reached XP level 6. HP: 48/48 MP: 6/6
  1648 | D:3      | Noticed Jessica
  1656 | D:3      | Killed Jessica
  1721 | D:3      | Noticed Crazy Yiuf
  1726 | D:3      | Killed Crazy Yiuf
  2855 | D:4      | Noticed a phantom
  2881 | D:4      | Killed a phantom
  2881 | D:4      | Reached skill level 6 in Shields
  2881 | D:4      | Reached XP level 7. HP: 49/55 MP: 7/7
  3435 | D:4      | Found Dudaniv's Antique Weapon Boutique.
  3451 | D:4      | Bought a glowing war axe for 73 gold pieces
  3451 | D:4      | Bought a runed blowgun for 52 gold pieces
  3621 | D:5      | Entered Level 5 of the Dungeon
  3641 | D:5      | Found a sand-covered staircase.
  3646 | Ossuary  | Entered an ossuary
  3921 | D:5      | Found a glowing silver altar of Zin.
  3934 | D:5      | Reached skill level 5 in Fighting
  4028 | D:5      | Reached XP level 8. HP: 33/62 MP: 8/8
  4126 | D:5      | Reached skill level 5 in Armour
  4223 | D:5      | Reached skill level 7 in Shields
  4497 | D:5      | Got a transparent flail
  4498 | D:5      | Identified the +1 flail of the Turnip {crush, rElec rF+ rC++ MR-} (You found it on level 5 of the Dungeon)
  4505 | D:5      | Reached skill level 5 in Axes
  4872 | D:6      | Found a staircase to the Ecumenical Temple.
  5070 | D:6      | Reached skill level 8 in Shields
  5094 | Temple   | Entered the Ecumenical Temple
  5387 | D:6      | Reached XP level 9. HP: 68/68 MP: 9/9
  5436 | D:6      | Reached skill level 1 in Stealth
  5467 | D:6      | Reached skill level 9 in Shields
  6376 | D:7      | Reached skill level 10 in Shields
  6474 | D:7      | Found a sparkling altar of Nemelex Xobeh.
  6477 | D:7      | Reached XP level 10. HP: 75/77 MP: 10/10
  6482 | D:7      | Found a glowing golden altar of the Shining One.
  6483 | D:7      | Found a stormy altar of Qazlal.
  6492 | D:7      | Found a white marble altar of Elyvilon.
  6493 | D:7      | Found a blossoming altar of Fedhas.
  6496 | D:7      | Became a worshipper of Nemelex Xobeh the Trickster
  6537 | D:7      | Gained mutation: You have sharp toenails. [potion of mutation]
  6537 | D:7      | Gained mutation: You evolve. [potion of mutation]
  6537 | D:7      | Gained mutation: You are clumsy. (Dex -2) [potion of mutation]
  6539 | D:7      | Gained mutation: Your muscles are strong. (Str +2) [potion of beneficial mutation]
  7060 | D:8      | Got an encrusted spear
  7061 | D:8      | Identified the +6 spear "Lajohui" {drain, +Fly rElec rF++ MP-9} (You found it on level 8 of the Dungeon)
  7115 | D:8      | Noticed EnegeticOcto's ghost (novice KoAr)
  7146 | D:8      | Killed EnegeticOcto's ghost
  7146 | D:8      | Reached skill level 1 in Polearms
  7269 | D:8      | Received a gift from Nemelex Xobeh
  7538 | D:8      | Reached * piety under Nemelex Xobeh
  7626 | D:8      | Reached skill level 11 in Shields
  7669 | D:8      | Received a gift from Nemelex Xobeh
  8137 | D:9      | Received a gift from Nemelex Xobeh
  8261 | D:9      | Gained mutation: You have a somewhat thin skeletal structure (Dex +2, Stealth). [evolution]
  8334 | D:9      | Reached ** piety under Nemelex Xobeh
  8347 | D:9      | Noticed an oklob plant
  8569 | D:9      | Noticed an oklob plant
  8673 | D:9      | Received a gift from Nemelex Xobeh
  8820 | D:9      | Reached XP level 11. HP: 85/85 MP: 11/11
  8906 | D:9      | Noticed a death cob
  8906 | D:9      | an oklob plant changed into a death cob
  8913 | D:9      | Demolished by a death cob

Skill      XL: |  1  2  3  4  5  6  7  8  9 10 |
---------------+-------------------------------+-----
Shields        | 4 5 6 8 10 11 | 11.7
Fighting       | 4 5 6 7 |  7.7
Axes           | 3 4 5 6 7 |  7.3
Armour         | 4 5 6 7 |  7.9
Dodging        | 1 2 |  2.5
Stealth        | 1 |  1.5
Polearms       | 2 |  2.6
Throwing       | |  0.2

Action                   |  1- 3 |  4- 6 |  7- 9 | 10-12 || total
-------------------------+-------+-------+-------+-------++-------
Melee: War axe           |    82 |   154 |   350 |    36 ||   622
       Spear             |       |       |       |   201 ||   201
Throw: Tomahawk          |       |       |     3 |       ||     3
 Abil: Dig               |     1 |    14 |     7 |       ||    22
Evoke: Wand              |       |       |       |     3 ||     3
  Use: Potion            |     3 |       |     4 |     9 ||    16
       Scroll            |       |       |    17 |     2 ||    19
  Eat: Chunk             |       |     5 |     5 |     5 ||    15
       Bread ration      |       |     2 |       |       ||     2
       Meat ration       |       |       |     2 |     2 ||     4
Armor: Scale mail        |    46 |    17 |       |       ||    63
       Plate armour      |       |    57 |   166 |    66 ||   289
       Skin              |       |       |       |     1 ||     1
Dodge: Dodged            |    40 |    36 |    76 |    44 ||   196
Block: Shield            |    56 |    77 |   235 |   154 ||   522
       Reflection        |       |       |     3 |       ||     3
